 Dungeon Crawl Stone Soup version 0.30-a0-808-g6e0788376e (webtiles) character file.

Game seed: 14177826777937605690

18085 Lobster4 the Arsonist (level 12, -1/156 HPs)
             Began as a Hill Orc Fire Elementalist on Feb 25, 2023.
             Was a High Priest of Sif Muna.
             Drowned by a quicksilver ooze (8 damage)
             ... in an ice cave.
             The game lasted 00:48:02 (13298 turns).

Lobster4 the Arsonist (Hill Orc Fire Elementalist) Turns: 13298, Time: 00:48:03

Health: -1/156     AC: 13    Str: 12    XL:     12   Next: 54%
Magic:  1/30       EV: 18    Int: 23    God:    Sif Muna [*****.]
Gold:   593        SH:  5    Dex: 14    Spells: 13/23 levels left

rFire   . . .      SeeInvis .    F - +1 long sword of Hatred {drain, rElec rCorr Int+4 Dex+3}
rCold   . . .      Faith    .    s - +0 buckler
rNeg    . . .      Spirit   .    L - +0 steam dragon scales
rPois   .          Reflect  .    u - +1 helmet
rElec   +          Harm     .    N - +1 cloak
rCorr   +          Rampage  .    i - +1 pair of gloves
Will    .....                    (no boots) Stlth
                                 k - amulet of magic regeneration
HPRegen 0.46/turn                w - +5 ring of evasion
MPRegen 0.62/turn                I - ring of magical power

@: berserking, engulfed (cannot breathe), very quick
A: no striking features
a: Renounce Religion, Channel Magic, Forget Spell, Divine Exegesis


You were in an ice cave.
You worshipped Sif Muna.
Sif Muna was extremely pleased with you.
You visited 2 branches of the dungeon, and saw 12 of its levels.
You also visited: Sewer and Ice Cave.

You collected 887 gold pieces.
You spent 294 gold pieces at shops.

Inventory:

Hand Weapons
 d - a +2 longbow of freezing
 t - a +1 sling
 v - a +2 flail of protection
 E - the +5 Force Lance {heavy, knockback}
   (You found it on level 7 of the Dungeon)
 F - the +1 long sword of Hatred (weapon) {drain, rElec rCorr Int+4 Dex+3}
   (You bought it in a shop on level 5 of the Dungeon)

   Int:       It affects your intelligence (+4).
   Dex:       It affects your dexterity (+3).
   rElec:     It insulates you from electricity.
   rCorr:     It protects you from acid and corrosion.
 P - a +2 war axe of venom
Missiles
 n - 15 boomerangs
 o - 42 poisoned darts
 p - a throwing net
 B - 4 javelins
 H - a curare-tipped dart
 K - 6 atropa-tipped darts
Armour
 i - a +1 pair of gloves (worn)
 s - a +0 buckler (worn)
 u - a +1 helmet (worn)
 L - +0 steam dragon scales (worn)
 N - a +1 cloak (worn)
Jewellery
 k - an amulet of magic regeneration (around neck)
 w - a +5 ring of evasion (left hand)
 D - the ring of Uxkiruipn {Fire Dex+3}
   (You found it on level 5 of the Dungeon)

   [ring of fire]

   It enhances your fire magic.
   Dex:       It affects your dexterity (+3).
   rF:        It protects you from fire.
   rC:        It makes you vulnerable to cold.
 I - a ring of magical power (right hand)
 J - a +6 ring of strength
Wands
 q - a wand of roots (7)
 r - a wand of mindburst (14)
 M - a wand of flame (29)
 R - a wand of paralysis (4)
Scrolls
 c - a scroll of amnesia {unknown}
 g - 3 scrolls of fear
 l - 3 scrolls of immolation
 y - a scroll of magic mapping
 C - 2 scrolls of teleportation
 O - 2 scrolls of poison
 Q - a scroll of fog
 T - a scroll of enchant weapon
 U - a scroll of brand weapon
Potions
 a - 3 potions of lignification
 b - a potion of magic
 e - 5 potions of flight
 h - a potion of resistance
 j - 3 potions of haste
 m - 2 potions of curing
 x - a potion of ambrosia
 z - a potion of berserk rage
 A - 3 potions of might
 G - 2 potions of brilliance
 S - a potion of cancellation


   Skills:
 + Level 9.2 Fighting
 - Level 3.0 Long Blades
 - Level 4.8(6.0) Axes
 - Level 1.0(2.6) Maces & Flails
 - Level 4.1(5.0) Polearms
 - Level 2.0 Throwing
 - Level 6.0 Armour
 - Level 5.0 Dodging
 - Level 1.5 Stealth
 + Level 3.6 Shields
 + Level 6.1 Spellcasting
 + Level 7.9 Conjurations
 - Level 3.0 Translocations
 + Level 9.4 Fire Magic
 - Level 3.0 Air Magic
 - Level 3.0 Invocations
 - Level 3.0 Evocations


You had 13 spell levels left.
You knew the following spells:

 Your Spells              Type           Power      Damage    Failure   Level
a - Foxfire               Conj/Fire      100%       2x1d9     1%          1
b - Scorch                Fire           100%       2d10      1%          2
c - Shock                 Conj/Air       100%       1d9       1%          1
d - Flame Wave            Conj/Fire      47%        2d12      3%          4
e - Momentum Strike       Conj/Tloc      64%        3d9       1%          2

Your spell library contained the following spells:

 Spells                   Type           Power      Damage    Failure   Level
 Magic Dart               Conj           100%       1d8       1%          1
 Static Discharge         Conj/Air       64%        2-5/arc   1%          2
 Kiss of Death            Conj/Necr      100%       2d13      2%          1
 Inner Flame              Hex/Fire       28%        N/A       4%          3
 Kindle Blastsparks       Fire/Tloc/Air  60%        2d15      4%          3
 Mephitic Cloud           Conj/Pois/Air  23%        N/A       8%          3
 Poisonous Vapours        Pois/Air       28%        N/A       9%          2
 Ignite Poison            Fire/Tmut/Pois 21%        N/A       9%          3
 Swiftness                Air            20%        N/A       10%         3
 Vhi's Electric Charge    Tloc/Air       40%        N/A       10%         3
 Beastly Appendage        Tmut           14%        N/A       11%         1
 Necrotise                Necr           28%        1d5       11%         1
 Summon Small Mammal      Summ           28%        N/A       11%         1
 Cigotuvi's Dreadful Rot  Necr/Pois/Air  22%        N/A       11%         2
 Call Imp                 Summ           7%         N/A       17%         2
 Portal Projectile        Hex/Tloc       28%        N/A       19%         3
 Call Canine Familiar     Summ           7%         N/A       32%         3
 Confusing Touch          Hex            7%         N/A       32%         3
 Summon Guardian Golem    Hex/Summ       7%         N/A       32%         3
 Tukima's Dance           Hex            7%         N/A       32%         3
 Vampiric Draining        Necr           7%         2d6       32%         3
 Airstrike                Air            10%        2d(2-18)  32%         4
 Arcjolt                  Conj/Air       16%        1d26      32%         5
 Lightning Bolt           Conj/Air       16%        1d30      32%         5
 Anguish                  Hex/Necr       3%         N/A       73%         4
 Animate Dead             Necr           7%         N/A       73%         4
 Leda's Liquefaction      Hex/Erth       3%         N/A       73%         4
 Silence                  Hex/Air        7%         N/A       86%         5
 Agony                    Necr           7%         N/A       97%         5
 Alistair's Intoxication  Tmut/Pois      4%         N/A       97%         5
 Infestation              Necr           3%         N/A       100%        8


Dungeon Overview and Level Annotations

Branches:
Dungeon (11/15)            Temple (0/1) D:5            Lair (1/5) D:11
    Orc (0/2) D:9           Sewer (visited)           IceCv (1/1)

Altars:
Dithmenos
Hepliaklqana
Makhleb
Nemelex Xobeh
Qazlal
Sif Muna
Trog
Wu Jian

Shops:
D:5 (   D:7 *

Annotations:
D:7 exclusion: moth of wrath IceCv exclusion: 2 ice statues


Message History

The quicksilver ooze is lightly wounded.
Your lungs strain for air!
The quicksilver ooze misses you.
The quicksilver ooze completely misses you.
The quicksilver ooze misses you.
The quicksilver ooze completely misses you.
You hit the quicksilver ooze but do no damage.
You drain the quicksilver ooze.
The quicksilver ooze is moderately wounded.
Your lungs strain for air!
The quicksilver ooze is no longer more vulnerable to fire.
The quicksilver ooze hits you!
You block the quicksilver ooze's attack.
The quicksilver ooze barely misses you.
The quicksilver ooze completely misses you.
You cannot cast spells while unable to breathe!
You miss the quicksilver ooze.
The quicksilver ooze is moderately wounded.
* * * LOW HITPOINT WARNING * * *
Your lungs strain for air!
The quicksilver ooze hits you!
* * * LOW HITPOINT WARNING * * *
You block the quicksilver ooze's attack.
The quicksilver ooze misses you.
The quicksilver ooze closely misses you.
Okay, then.
You cannot read scrolls while unable to breathe!
Unknown command.
A red film seems to cover your vision as you go berserk!
You feel yourself moving faster!
You feel mighty!
* * * LOW HITPOINT WARNING * * *
Your lungs strain for air!
The quicksilver ooze hits you. x2
* * * LOW HITPOINT WARNING * * *
You feel your power leaking away.
The quicksilver ooze closely misses you.
The quicksilver ooze misses you.
You barely miss the quicksilver ooze.
The quicksilver ooze is lightly wounded.
You die...

..#### ..8.. ... #.# .
########.## .. ###.........#
##.. #### ##...........###
###... ##....
#......###.....###....###......
#.....######..@J...........#8..
#........).###....####....##...
##.....##....########....##.°..
##.....##.....##......###.....
####...####.......####....###
##....####...###.....###
###.....#####.....###
####.........#### ####...####


You could see a quicksilver ooze (drained).

Vanquished Creatures
  2 quicksilver oozes (IceCv)
  A hydra (D:8)
  Pikel (D:6)
  2 deep elf zephyrmancers (D:10)
  3 ugly things (D:11)
  Maurice (D:8)
  An ice statue (IceCv)
  Maggie (D:8)
  2 rime drakes (Lair:1)
  A komodo dragon (D:11)
  3 trolls
  2 hornets
  5 slime creatures (IceCv)
  Sigmund (D:6)
  A vampire (D:10)
  14 yaks
  A shadow (D:10)
  A wraith (D:11)
  3 wyverns
  2 vampire mosquitoes (D:10)
  Menkaure (D:4)
  Duvessa (D:4)
  4 water moccasins
  2 black bears
  A sky beast (D:8)
  A great orb of eyes simulacrum (IceCv)
  8 orc warriors
  An ice beast (D:7)
  A swamp drake (D:10)
  4 ogres
  8 centaurs
  A phantom (D:5)
  A slime creature simulacrum (IceCv)
  2 lemures (D:6)
  5 kobold brigands
  4 bullfrogs
  A gnoll sergeant (D:9)
  A necrophage (D:8)
  2 glowing shapeshifter simulacra (IceCv)
  2 scorpions
  9 wights
  Dowan (D:4)
  13 killer bees
  A crimson imp (D:10)
  2 quasits (D:5)
  2 hounds
  A jelly (D:6)
  2 gnoll boudas
  5 orc priests
  An iron imp (D:10)
  2 iguanas
  14 orc wizards
  A shapeshifter simulacrum (IceCv)
  Natasha (thrice) (D:2)
  A malarious merfolk avatar (Sewer)
  A sickly merfolk siren (Sewer)
  Robin (D:2)
  11 gnolls
  6 adders
  A river rat (Sewer)
  4 shadow imps
  4 white imps
  An ufetubus (D:5)
  A dart slug (D:1)
  72 orcs
  8 endoplasms
  9 giant cockroaches
  19 goblins
  7 hobgoblins
  5 jackals
  36 kobolds
  5 quokkas
  12 ball pythons
  8 bats
  13 frilled lizards
  41 rats
422 creatures vanquished.

Vanquished Creatures (collateral kills)
  10 foxfires (D:11)
10 creatures vanquished.

Vanquished Creatures (others)
  2 orc wizards
  A bush (D:11)
  1701 foxfires
  A plant (D:11)
1705 creatures vanquished.

Grand Total: 2137 creatures vanquished

Notes
Turn   | Place    | Note
-------+----------+-------------------------------------------
     0 | D:1      | Lobster4 the Hill Orc Fire Elementalist began the quest for
                  | the Orb.
     0 | D:1      | Reached XP level 1. HP: 14/14 MP: 3/3
   228 | D:1      | Reached XP level 2. HP: 22/22 MP: 2/4
   317 | D:1      | Learned a level 2 spell: Scorch
   584 | D:1      | Reached XP level 3. HP: 24/27 MP: 0/5
   592 | D:1      | Reached skill level 1 in Fighting
  1067 | D:2      | Found a shimmering blue altar of Sif Muna.
  1078 | D:2      | Reached skill level 1 in Armour
  1080 | D:2      | Became a worshipper of Sif Muna the Loreminder
  1204 | D:2      | Found a faded altar of an unknown god.
  1392 | D:2      | Noticed Natasha
  1397 | D:2      | Killed Natasha
  1398 | D:2      | Reached skill level 1 in Maces & Flails
  1398 | D:2      | Reached XP level 4. HP: 28/35 MP: 2/6
  1605 | D:2      | Noticed Natasha
  1610 | D:2      | Killed Natasha
  1611 | D:2      | Reached skill level 1 in Invocations
  1619 | D:2      | Noticed Natasha
  1623 | D:2      | Killed Natasha
  1624 | D:2      | Reached XP level 5. HP: 27/41 MP: 5/8
  1836 | D:2      | Noticed Robin
  1850 | D:2      | Killed Robin
  2161 | D:3      | Found a glowing drain.
  2174 | D:3      | Reached * piety under Sif Muna
  2180 | Sewer    | Entered a sewer
  2298 | Sewer    | Reached skill level 1 in Throwing
  2343 | Sewer    | Reached XP level 6. HP: 49/49 MP: 6/9
  2411 | Sewer    | Reached ** piety under Sif Muna
  2825 | D:4      | Noticed Menkaure
  3013 | D:4      | Reached skill level 1 in Axes
  3023 | D:4      | Reached *** piety under Sif Muna
  3146 | D:4      | Reached XP level 7. HP: 56/56 MP: 7/10
  3150 | D:4      | HP: 1/56 [Menkaure (14)]
  3152 | D:4      | Noticed Duvessa
  3360 | D:3      | Learned a level 1 spell: Shock
  3800 | D:4      | Killed Menkaure
  3946 | D:4      | Reached skill level 1 in Evocations
  4130 | D:4      | Found a burning altar of Makhleb.
  4151 | D:4      | Reached skill level 1 in Air Magic
  4151 | D:4      | Reached XP level 8. HP: 57/63 MP: 5/12
  4196 | D:4      | Killed Duvessa
  4213 | D:4      | Noticed Dowan
  4221 | D:4      | Killed Dowan
  4440 | D:4      | Reached skill level 5 in Fire Magic
  4504 | D:5      | Entered Level 5 of the Dungeon
  4849 | D:5      | Identified the ring of Uxkiruipn {Fire Dex+3}
  4900 | D:5      | Found a staircase to the Ecumenical Temple.
  5219 | D:5      | Found Voyb's Antique Weapon Boutique.
  5222 | D:5      | Bought an ivory dagger for 133 gold pieces
  5222 | D:5      | Identified the +5 dagger "Awiy" {distort, Str+3} (You
                  | bought it in a shop on level 5 of the Dungeon)
  5227 | D:5      | Bought a jewelled long sword for 161 gold pieces
  5227 | D:5      | Identified the +1 long sword of Hatred {drain, rElec rCorr
                  | Int+4 Dex+3} (You bought it in a shop on level 5 of the
                  | Dungeon)
  5509 | D:6      | Reached XP level 9. HP: 72/72 MP: 9/13
  5769 | D:6      | Reached **** piety under Sif Muna
  5883 | D:6      | Noticed Pikel
  5901 | D:6      | Killed Pikel
  5902 | D:6      | Reached skill level 1 in Long Blades
  5929 | D:6      | Noticed Sigmund
  5933 | D:6      | Killed Sigmund
  5934 | D:6      | Reached skill level 5 in Fighting
  6397 | D:7      | Found Gylak's Mass Market.
  6491 | D:7      | Reached skill level 5 in Armour
  6585 | D:7      | Found the +5 Force Lance {heavy, knockback}
  6651 | D:7      | Noticed a moth of wrath
  6654 | D:7      | Found a bloodstained altar of Trog.
  6762 | D:7      | Reached skill level 1 in Polearms
  6762 | D:7      | Reached XP level 10. HP: 65/82 MP: 16/16
  6861 | D:7      | Found a hazy altar of Hepliaklqana.
  6865 | D:7      | Found a shadowy altar of Dithmenos.
  6989 | D:7      | Reached skill level 5 in Conjurations
  7285 | D:7      | Found a sparkling altar of Nemelex Xobeh.
  7412 | D:8      | Noticed Maggie
  7431 | D:8      | Killed Maggie
  7495 | D:8      | Found an ornate altar of the Wu Jian Council.
  7509 | D:8      | Found a stormy altar of Qazlal.
  7510 | D:8      | Found a shimmering blue altar of Sif Muna.
  7524 | D:8      | Learned a level 4 spell: Flame Wave
  7712 | D:8      | Noticed a four-headed hydra
  7782 | D:8      | Killed a four-headed hydra
  8386 | D:8      | Noticed Maurice
  8399 | D:8      | Killed Maurice
  8587 | D:9      | Reached XP level 11. HP: 92/92 MP: 18/18
  8780 | D:9      | Reached ***** piety under Sif Muna
  8929 | D:9      | Received a gift from Sif Muna
  8930 | D:9      | Got Pumi's Compilation of the Map and Interference {god
                  | gift}
  8990 | D:9      | Found a staircase to the Orcish Mines.
  9011 | D:9      | Reached skill level 5 in Spellcasting
  9374 | D:10     | Entered Level 10 of the Dungeon
  9439 | D:10     | Learned a level 2 spell: Momentum Strike
 10463 | D:10     | Reached skill level 1 in Translocations
 10521 | D:10     | Noticed a deep elf zephyrmancer
 10524 | D:10     | Noticed a deep elf zephyrmancer
 10524 | D:10     | Killed a deep elf zephyrmancer
 10535 | D:10     | Killed a deep elf zephyrmancer
 10563 | D:10     | Identified the +1 robe of the Disbelieving Gods {-Cast
                  | rElec Stlth+}
 11077 | D:11     | Noticed a red ugly thing
 11088 | D:11     | Killed a red ugly thing
 11238 | D:11     | Found a staircase to the Lair.
 11244 | D:11     | Noticed a green ugly thing
 11253 | D:11     | Killed a green ugly thing
 11324 | D:11     | Reached skill level 1 in Shields
 11760 | D:11     | Noticed a brown ugly thing
 11772 | D:11     | Killed a brown ugly thing
 11925 | Lair:1   | Entered Level 1 of the Lair of Beasts
 11932 | Lair:1   | Reached XP level 12. HP: 103/103 MP: 17/20
 11966 | Lair:1   | Received a gift from Sif Muna
 11977 | Lair:1   | Got Sif Muna's Compendium of Postmortem Reconstruction {god
                  | gift}
 12039 | Lair:1   | Found a frozen archway.
 12074 | IceCv    | Entered an ice cave
 12118 | IceCv    | Noticed a quicksilver ooze
 12122 | IceCv    | Killed a quicksilver ooze
 12123 | IceCv    | Reached skill level 5 in Dodging
 12647 | IceCv    | HP: 3/104 [ice statue] (21)]
 13192 | IceCv    | Noticed a quicksilver ooze
 13201 | IceCv    | Killed a quicksilver ooze
 13281 | IceCv    | Noticed a quicksilver ooze
 13297 | IceCv    | HP: 7/156 [quicksilver ooze (6)]
 13298 | IceCv    | Drowned by a quicksilver ooze

Illustrated notes

Levels and vault maps discovered:
D:1:      spicycebolla_arrival_transporter_tutorial, layout_rooms
D:2:      layout_loops_corners, basic_altar, basic_ecumenical_altar, uniq_robin,
          uniq_natasha
D:3:      layout_loops_cross, cheibrodos_sewer_entry_drain
D:4:      layout_layer_cave, nicolae_overflow_crystal_walls, uniq_menkaure,
          uniq_duvessa
D:5:      layout_gridville, temple_green, serial_shops, kennysheep_mini_moat,
          serial_demonic, serial_demonic_g, serial_demonic_g, serial_demonic_e,
          serial_demonic_d
D:6:      layout_basic, amcnicky_mini_rare_corridor_liquid,
          minmay_misc_feat_pillars, uniq_sigmund, uniq_pikel
D:7:      layout_loops_corners, riverfiend_overflow_shadow_ancestor, tgw_trog,
          nemelex_dance_club_becter, minmay_shop_mass
D:8:      layout_basic, chequers_temple_overflow_statue_of_worship,
          nicolae_concentric_dashed_squares_wild, grunt_potential, uniq_maggie,
          uniq_maurice
D:9:      layout_basic, hiddenorc2_lemuel
D:10:     layout_long_grid, hangedman_minor_magic
D:11:     layout_cave_pools, dpeg_oklobed_lair, serial_park, serial_park_square1
          [serial_park_minivault_5x5_7], serial_park_square2,
          serial_park_avenue1, serial_park_tiny_2, minmay_misc_feat_room
Lair:1:   layout_hall_layers, portal_ice_cave_rime,
          eino_small_chamber_without_monster, amcnicky_mini_pool_medium
IceCv:    ice_cave_hellmonk_azure_passage

Skill      XL: |  1  2  3  4  5  6  7  8  9 10 11 12 |
---------------+-------------------------------------+-----
Fighting       | 1 2 3 4 5 7 8 9 |  9.2
Armour         | 1 2 3 4 5 6 |  6.0
Maces & Flails | 1 |  1.0
Dodging        | 2 3 4 5 |  5.0
Spellcasting   | 2 3 4 5 6 |  6.1
Invocations    | 1 2 3 |  3.0
Conjurations   | 2 3 4 6 7 |  7.9
Fire Magic     | 4 5 6 7 8 9 |  9.4
Throwing       | 1 2 |  2.0
Axes           | 1 2 3 4 |  4.8
Evocations     | 1 2 3 |  3.0
Air Magic      | 1 2 3 |  3.0
Long Blades    | 2 3 |  3.0
Polearms       | 1 3 4 |  4.1
Translocations | 2 3 |  3.0
Shields        | 1 3 |  3.6
Stealth        | |  1.5

Action                     |  1- 3 |  4- 6 |  7- 9 | 10-12 || total
---------------------------+-------+-------+-------+-------++-------
  Melee: Unarmed           |     3 |       |       |       ||     3
         Whip              |    37 |     1 |       |       ||    38
         Punch             |     2 |       |       |       ||     2
         Hand axe          |       |     1 |       |       ||     1
         Long sword        |       |       |       |    26 ||    26
  Throw: Dart              |       |       |       |     9 ||     9
   Cast: Foxfire           |    90 |   177 |   256 |   485 ||  1008
         Scorch            |     2 |    14 |    52 |   207 ||   275
         Shock             |       |       |       |    13 ||    13
         Momentum Strike   |       |       |       |     3 ||     3
         Flame Wave        |       |       |       |     7 ||     7
  Evoke: Wand              |       |       |       |     7 ||     7
    Use: Scroll            |       |     4 |    12 |    11 ||    27
         Potion            |       |       |     2 |     5 ||     7
   Stab: Sleeping          |     1 |       |       |       ||     1
 Armour: Robe              |    22 |    13 |    10 |       ||    45
         Leather armour    |       |       |       |    15 ||    15
         Steam dragon scal |       |       |       |    61 ||    61
  Dodge: Dodged            |    71 |    45 |    35 |   162 ||   313
  Block: Buckler           |       |       |       |     6 ||     6

Table legend: (Time is in decaauts)
 A = Elapsed time spent in this place.
 B = Non-inter-level travel time spent in this place.
 C = Inter-level travel time spent in this place.
 D = Time resting spent in this place.
 E = Time spent auto-exploring this place.
 F = Levels seen in this place.
 G = Mean time per level.
                   A        B        C        D        E       F      G
               +--------+--------+--------+--------+--------+-----+--------+
         Total |  13369 |  12912 |    457 |   1980 |   7878 |  14 |  954.9 |
       Dungeon |  11549 |  11092 |    457 |   1176 |   7549 |  11 | 1049.9 |
          Lair |    148 |    148 |      0 |     49 |      0 |   1 |  148.0 |
         Sewer |    446 |    446 |      0 |      5 |    253 |   1 |  446.0 |
      Ice Cave |   1225 |   1225 |      0 |    750 |     75 |   1 | 1225.0 |
               +--------+--------+--------+--------+--------+-----+--------+

Top non-repeatable levels by time:
    D:10: 1452 daAuts
     D:7: 1281 daAuts
   IceCv: 1225 daAuts
     D:4: 1208 daAuts
     D:8: 1131 daAuts
     D:2: 1106 daAuts
    D:11: 1103 daAuts
     D:1: 1028 daAuts
     D:5: 935 daAuts
     D:9: 838 daAuts
     D:3: 783 daAuts
     D:6: 679 daAuts
   Sewer: 446 daAuts
  Lair:1: 148 daAuts
